← All builds
Suicide front / Cortex / Economy first / OBSERVED BUILD

Standard suicide front

Cortex Suicide front build order · Supreme Isthmus

The role's baseline economy-first play: fast Bot Lab, early Advanced Metal Extractor, and a Thug/Grunt/Aggravator mix pushed to hold the middle while teching up.

#raid #push · 1059 distinct matches · 187 players · 73% of Cortex Suicide front games · team won 57% of 1129 · Recently observed

HOW TO PLAY IT

Key timing: Bot Lab by 0:39

  1. Open 3 mex, then rush Bot Lab almost immediately.
  2. Finish Bot Lab and start pushing Thug, Grunt, Aggravator.
  3. Send units straight to middle to contest and stop leaks.
  4. Eat the Bot Lab for metal if 32% of games reach that point.
  5. Transition into Advanced Metal Extractor once middle is stable.

Phase by phase

TYPICAL OF ITS 1059 GAMES
  1. 1
  2. 2
  3. 3
PLAY THE OPENING

Follow the example game's first 6:00 step by step: what to build now, what comes next, and where it goes. At 1× it keeps pace with your own game.

  1. 1

    Up to the Bot Lab

    Economy
    • Metal Extractor2Mex
    Order
    1. Bot LabBot Lab after 2 mexdone ~0:36, middle half 0:27–0:45

    By 0:21 in all: 2 mex

    The example game in this phase · 2 steps
    1. Mex ×4
    2. Bot LabBot Labdone 1:13 · typical 0:36
  2. 2

    Bot Lab to 5:00

    Economy
    • Metal Extractor3Mex
    • Wind Turbine2Wind
    Builders
    • Graverobber4 Graverobber
    • Construction Bot3 Con bot
    Army
    • Guard3 Guard
    • Thug16 Thug
    • Grunt3 Grunt
    Other
    • Radar Tower1 Radar Tower

    Some games also: aggravator (38%) · con turret (31%)

    By 5:00 in all: 5 mex · 3 wind

    The example game in this phase · 21 steps
    1. Radar TowerRadar Tower
    2. GruntGrunt ×2
    3. GraverobberGraverobber
    4. ThugThug ×2
    5. GraverobberGraverobber
    6. ThugThug ×3
    7. GraverobberGraverobber
    8. ThugThug ×3
    9. GraverobberGraverobber
    10. ThugThug ×3
    11. GraverobberGraverobber
    12. Construction BotCon bot ×3
    13. GraverobberGraverobber
    14. ThugThug ×2
    15. GraverobberGraverobber
    16. ThugThug
    17. GraverobberGraverobber
    18. ThugThug ×3
    19. GraverobberGraverobber ×2
    20. ThugThug ×5
    21. GraverobberGraverobber
  3. 3

    5:00 to 10:00

    Economy
    • Metal Extractor1Mex
    • Wind Turbine12Wind
    Builders
    • Construction Turret1 Con turret
    • Graverobber3 Graverobber
    • Construction Bot1 Con bot
    Army
    • Guard1 Guard
    • Thug11 Thug
    • Grunt1 Grunt

    Some games also: aggravator (42%) · Radar Tower (39%) · energy storage (37%) · Twin Guard (31%)

    By 10:00 in all: 6 mex · 16 wind · 2 con turret

    The example game in this phase · 69 steps
    1. ThugThug
    2. CenturionCenturion
    3. ThugThug
    4. LazarusLazarus
    5. ThugThug
    6. GraverobberGraverobber
    7. ThugThug
    8. Metal storage
    9. ThugThug ×3
    10. GraverobberGraverobber
    11. ThugThug ×3
    12. GraverobberGraverobber
    13. ThugThug ×3
    14. GraverobberGraverobber ×2
    15. ThugThug
    16. Con turret
    17. ThugThug ×2
    18. Wind
    19. GraverobberGraverobber
    20. Wind
    21. Mex
    22. Wind
    23. ThugThug
    24. Radar TowerRadar Tower
    25. Wind ×2
    26. ThugThug
    27. GraverobberGraverobber
    28. GruntGrunt ×4
    29. ThugThug
    30. GruntGrunt ×11
    31. GraverobberGraverobber
    32. Advanced Metal ExtractorT2 mexdone 12:29 · typical 10:00
    33. Wind
    34. GruntGrunt
    35. Wind
    36. GruntGrunt
    37. Wind
    38. GruntGrunt ×2
    39. Wind
    40. GruntGrunt
    41. Wind
    42. GruntGrunt
    43. Wind
    44. GruntGrunt ×2
    45. Wind
    46. ThugThug
    47. Wind
    48. ThugThug
    49. GruntGrunt
    50. Wind ×3
    51. GruntGrunt
    52. MaceMace
    53. Wind
    54. GruntGrunt
    55. Wind
    56. GruntGrunt
    57. Advanced Metal ExtractorT2 mex
    58. Energy storage
    59. Wind ×4
    60. MarauderMarauderdone 13:12
    61. GruntGrunt ×2
    62. Wind
    63. GruntGrunt ×3
    64. Wind ×2
    65. ThugThug ×2
    66. Wind
    67. GruntGrunt
    68. MarauderMarauder
    69. GruntGrunt ×2

Counts are medians over the build's games: half of them build more, half fewer. The example game is Sinobi's (36 OS, 11/10/2026); pick another.

Team trades

IN AT LEAST 30% OF ITS GAMES

You hand over

Nothing regular.

You get

  • Tidal Generator4 Tidal from Pondfirst at 0:11 · in 69% of games
  • Advanced Construction Bot1 T2 con bot from Geo or Techfirst at 7:46 · in 55% of games

How it plays out

Typical game of this build, running totals by minute

Metal produced

010k20k
0:005:0010:0015:00

metal

Enemy metal destroyed

05k10k
0:005:0010:0015:00

metal

Own metal lost

05k10k
0:005:0010:0015:00

metal

1129 games.

Show as table
ByMetal produced: This buildEnemy metal destroyed: This buildOwn metal lost: This build
1:0033000
2:0094400
3:002036216173
4:003125733632
5:00428115421394
6:00547425052331
7:00664936373310
8:00782945654355
9:00894453015270
10:001021360176154
11:001158865676915
12:001316370367714
13:001475877548382
14:001637283518916
15:001774489709568
WHAT THE NUMBERS SAY

This baseline wins more often than most other roles' standard builds, with early aggression showing in high kills and losses alike.

  • + Team wins 54% of games, best winrate among the roles shown.
  • + First kill lands very early at 2:07 in all games.
  • − Own metal lost is heavy early, 1439 by 5:00.
  • − Enemy destroyed stays close to own losses through 15:00, a costly front.
THE EXAMPLE YOU ARE READING

Sinobi

36.0 OS · 11/10/2026

Open source match ↗

38 received units · includes a constructor
4025 metal received · 21799 energy received

Allied construction assistance is unknown. Timings are observations, not a promise of solo reproducibility.

Typical milestones

Bot Lab0:36Middle 50%: 0:27–0:45 · n=1123
Advanced Metal Extractor10:00Middle 50%: 9:00–11:14 · n=703

Played most by

XXMACGAMERXX134games of this build_Hawkey_70games of this build_X_61games of this buildrealisticjo53games of this buildAbyssFalcon48games of this build